 Dungeon Crawl Stone Soup version 0.22.0 (webtiles) character file.

364 KnightedAnt the Skirmisher (level 7, -2/55 HPs)
             Began as a Formicid Abyssal Knight on Oct 28, 2018.
             Was a Priest of Lugonu.
             Slain by Menkaure (8 damage)
             ... on level 4 of the Dungeon.
             The game lasted 00:07:08 (3672 turns).

KnightedAnt the Skirmisher (FoAK)                   Turns: 3672, Time: 00:07:08

Health: -2/55      AC: 11    Str: 19    XL:     7   Next: 0%
Magic:  10/10      EV:  6    Int: 11    God:    Lugonu [***...]
Gold:   157        SH:  0    Dex: 12    Spells: 6/6 levels left

rFire    . . .     SeeInvis +   a - +1 mace
rCold    . . .     Gourm    .   (no shield)
rNeg     . . .     Faith    .   o - +0 plate armour
rPois    .         Spirit   .   (helmet unavailable)
rElec    .         Reflect  .   (no cloak)
rCorr    .         Harm     .   (no gloves)
MR       .....                  (no boots)
Stlth    ..........             (no amulet)
HPRegen  0.58/turn              (no ring)
MPRegen  0.12/turn              (no ring)

@: no status effects
A: permanent stasis, dig shafts and tunnels, four strong arms, antennae 3, agile
1, sense surroundings 1, regeneration 1
a: Dig, Shaft Self, Depart the Abyss, Bend Space, Banish, Renounce Religion


You were on level 4 of the Dungeon.
You worshipped Lugonu.
Lugonu was most pleased with you.
You were not hungry.

You visited 1 branch of the dungeon, and saw 4 of its levels.
You visited the Abyss 1 time.

You collected 157 gold pieces.

Inventory:

Hand Weapons
 a - a +1 mace (weapon)
Armour
 o - a +0 plate armour (worn)
Wands
 r - a wand of polymorph (15)
 v - a wand of acid (9)
Scrolls
 d - 2 scrolls of noise {unknown}
 e - 2 scrolls of identify
 h - a scroll of random uselessness {unknown}
 k - a scroll of blinking {unknown}
 q - a scroll of remove curse
 t - a scroll of teleportation {unknown}
 w - a scroll of amnesia {unknown}
 x - a scroll of magic mapping
Potions
 f - 2 potions of brilliance
 i - a potion of haste
Comestibles
 c - 10 rations
 l - 6 chunks of flesh


   Skills:
 + Level 4.6 Fighting
 + Level 3.4 Maces & Flails
 + Level 3.8 Armour
 + Level 2.7 Dodging
 + Level 4.0 Invocations


You had 6 spell levels left.
You didn't know any spells.
Your spell library was empty.

Dungeon Overview and Level Annotations

Branches:
Dungeon (4/15)
 Temple: D:4-7

Altars:
Fedhas

Annotations:
D:4 Menkaure


Innate Abilities, Weirdness & Mutations

You cannot be hasted, slowed, berserked, paralysed or teleported.
You can dig through walls and to a lower floor.
Your four strong arms can wield two-handed weapons with a shield.
You have a pair of large antennae on your head. (SInv)
You are agile. (Dex +2)
You passively map a small area around you.
Your natural rate of healing is unusually fast.


Message History

Menkaure is almost destroyed.
Menkaure calls on the powers of darkness!
Your body is wracked with pain!
* * * LOW HITPOINT WARNING * * *
Menkaure calls on the powers of darkness!
Your body is wracked with pain!
* * * LOW HITPOINT WARNING * * *
You hit Menkaure but do no damage.
Menkaure is almost destroyed.
Menkaure hits you but does no damage.
You barely miss Menkaure.
Menkaure is almost destroyed.
Menkaure calls on the powers of darkness!
Your body is wracked with pain!
* * * LOW HITPOINT WARNING * * *
Menkaure barely misses you.
Your plate armour prevents you from hitting Menkaure.
Menkaure is almost destroyed.
Menkaure hits you!
You die...

* * * ..* , #. * *
, *.## * , ..# #.*
* ,, #.# #.# , #.#
#.# * , ,
##.########*#.####
, * ...........
#.##@## ###.######
,#.###M# .....#
#.##.######* ,
###..#
#.....M....., #..#
,#.########## #..##
,#.# , , #...# #.#
,, ,
#.#.#####<#.#######
*,
#.........#....[...


You could see Menkaure.

Vanquished Creatures
  A hound (D:4)
  2 orc priests (D:3)
  3 orc wizards
  A worker ant (D:4)
  Robin (D:3)
  5 adders
  5 worms
  5 leopard geckos
  12 orcs
  10 bats
  5 giant cockroaches
  10 hobgoblins
  2 jackals (D:2)
  2 quokkas
  A ball python (D:4)
  5 frilled lizards
  14 goblins
  3 kobolds
  6 rats
93 creatures vanquished.

Notes
Turn   | Place    | Note
-------+----------+-------------------------------------------
     0 | Abyss:1  | KnightedAnt the Formicid Abyssal Knight began the quest for the Orb.
     0 | Abyss:1  | Reached XP level 1. HP: 18/18 MP: 2/2
    35 | Abyss:1  | Noticed a worldbinder
    41 | Abyss:1  | Noticed a manticore
    41 | Abyss:1  | Noticed a manticore
    45 | Abyss:1  | Noticed a wind drake
    45 | Abyss:1  | Noticed a merfolk siren
    46 | D:1      | Escaped the Abyss
   115 | D:1      | Reached skill level 1 in Dodging
   207 | D:1      | Reached XP level 2. HP: 6/24 MP: 3/3
   435 | D:1      | Reached * piety under Lugonu
   902 | D:1      | Reached XP level 3. HP: 23/29 MP: 4/4
  1769 | D:2      | Reached XP level 4. HP: 33/37 MP: 6/6
  1878 | D:2      | Reached ** piety under Lugonu
  2086 | D:2      | Found a blossoming altar of Fedhas.
  2387 | D:3      | Reached XP level 5. HP: 41/42 MP: 7/7
  2791 | D:3      | Noticed Robin
  2812 | D:3      | Reached XP level 6. HP: 43/48 MP: 8/8
  2822 | D:3      | Killed Robin
  2926 | D:3      | Reached *** piety under Lugonu
  3459 | D:4      | Gained mutation: You are agile. (Dex +2) [potion of mutation]
  3459 | D:4      | Gained mutation: You passively map a small area around you. [potion of mutation]
  3459 | D:4      | Gained mutation: Your natural rate of healing is unusually fast. [potion of mutation]
  3634 | D:4      | Reached XP level 7. HP: 51/55 MP: 10/10
  3660 | D:4      | Noticed Menkaure
  3672 | D:4      | Slain by Menkaure

Skill      XL: |  1  2  3  4  5  6 |
---------------+-------------------+-----
Dodging        | 1 2 |  2.7
Invocations    | 3 4 |  4.0
Fighting       | 4 |  4.6
Armour         | 3 |  3.8
Maces & Flails | 3 |  3.4

Action                   |  1- 3 |  4- 6 |  7- 9 || total
-------------------------+-------+-------+-------++-------
Melee: Mace              |   117 |   263 |     7 ||   387
Invok: Depart the Abyss  |     1 |       |       ||     1
 Abil: Dig               |       |     3 |     1 ||     4
  Use: Potion            |       |     8 |       ||     8
       Scroll            |       |     2 |       ||     2
  Eat: Chunk             |     3 |     7 |       ||    10
Armor: Leather armour    |    40 |       |       ||    40
       Chain mail        |    14 |     9 |       ||    23
       Plate armour      |       |   157 |     1 ||   158
Dodge: Dodged            |    87 |    85 |     2 ||   174
